 Dungeon Crawl Stone Soup version 0.23.0-42-geed6394480 (webtiles) character file.

Game seed: 11744926739582081727

429 Peloso the Shield-Bearer (level 6, -2/52 HPs)
             Began as a Minotaur Fighter on Mar 1, 2019.
             Was an Initiate of Okawaru.
             Slain by a killer bee (5 damage)
             ... on level 3 of the Dungeon.
             The game lasted 00:06:10 (2782 turns).

Peloso the Shield-Bearer (Minotaur Fighter)         Turns: 2782, Time: 00:06:13

Health: -2/52      AC: 13    Str: 21    XL:     6   Next: 66%
Magic:  5/5        EV:  4    Int:  5    God:    Okawaru [......]
Gold:   189        SH: 10    Dex: 11    Spells: 5/5 levels left

rFire    . . .     SeeInvis .   a - +0 long sword
rCold    . . .     Gourm    .   c - +0 shield
rNeg     . . .     Faith    .   s - +0 plate armour
rPois    .         Spirit   .   (helmet restricted)
rElec    .         Reflect  .   k - scarf {cloud immunity}
rCorr    .         Harm     .   p - +0 pair of gloves
MR       .....                  (no boots)
Stlth    ..........             (no amulet)
HPRegen  0.17/turn              (no ring)
MPRegen  0.09/turn              (no ring)

@: lethally poisoned (-2 -> -14)
A: retaliatory headbutt, horns 2
a: Renounce Religion


You were on level 3 of the Dungeon.
You worshipped Okawaru.
Okawaru was noncommittal.
You were hungry.

You visited 1 branch of the dungeon, and saw 4 of its levels.

You collected 189 gold pieces.

Inventory:

Hand Weapons
 a - a +0 long sword (weapon)
 n - a cursed -1 short sword
Armour
 b - a +0 scale mail
 c - a +0 shield (worn)
 k - a scarf of cloud immunity (worn)
 m - a +0 chain mail
 p - a +0 pair of gloves (worn)
 s - a +0 plate armour (worn)
Jewellery
 e - a +2 ring of evasion {unknown}
Scrolls
 g - 2 scrolls of teleportation {unknown}
 h - 3 scrolls of fog
 i - 3 scrolls of remove curse {unknown}
 o - a scroll of immolation {unknown}
 r - a scroll of blinking {unknown}
 u - a scroll of magic mapping {unknown}
 v - 2 scrolls of enchant weapon {unknown}
Potions
 d - a potion of might
 j - 2 potions of resistance
 l - 3 potions of agility
 q - a potion of cancellation {unknown}
 t - 2 potions of flight {unknown}
Comestibles
 f - 9 rations
 w - a chunk of flesh


   Skills:
 + Level 4.2 Fighting
 + Level 5.4 Long Blades
 + Level 5.6 Armour
 + Level 0.6 Dodging
 + Level 5.7 Shields


You had 5 spell levels left.
You didn't know any spells.
Your spell library was empty.

Dungeon Overview and Level Annotations

Branches:
Dungeon (4/15)
 Temple: D:4-7

Altars:
Okawaru

Annotations:
D:4 Natasha


Innate Abilities, Weirdness & Mutations

You reflexively headbutt those who attack you in melee.
You have a pair of horns on your head.


Message History

The killer bee is heavily wounded.
The killer bee stings you but does no damage.
You slash the killer bee! Your headbutt misses the killer bee.
The killer bee is almost dead.
You feel sick.
The killer bee stings you but does no damage.
The killer bee stings you.
* * * LOW HITPOINT WARNING * * *
The killer bee stings you.
* * * LOW HITPOINT WARNING * * *
You block the killer bee's attack. The killer bee stings you.
* * * LOW HITPOINT WARNING * * *
Your plate armour prevents you from hitting the killer bee.
Your headbutt misses the killer bee.
The killer bee is almost dead.
* * * LOW HITPOINT WARNING * * *
You feel sick.
The killer bee stings you but does no damage.
You block the killer bee's attack. The killer bee stings you.
You die...

#.# #.# ####..#.#(#.######
#.# #.# #..##.##.# #.# #.#
#..#####.# #.# #.# #..# #.#
#.# #.# ###..# #.# #.# ###.#
#....# #.# ##.# #...# #.##.#
#.# #..# #>### ##.##.# #.# #
#.### #.# ###@..#.# #.### #
....# #.###.y.y...#####...# #
#.#.# #.##........#.....###
#.#.# #.##........#.....## #
#.#.######..................#
≈#
......(.....#........#.....##
#≈≈
.....................#.....#
###
#....................#######
#. ###.####..........#### ##


You could see 2 killer bees.

Vanquished Creatures
  A scorpion (D:3)
  An orc priest (D:4)
  5 orc wizards (D:4)
  An iguana (D:4)
  Natasha (D:4)
  A howler monkey skeleton (D:4)
  4 adders
  2 oozes
  3 worms (D:2)
  A dart slug (D:1)
  2 leopard geckos
  11 orcs
  3 ball pythons
  15 giant cockroaches
  6 goblins
  5 hobgoblins
  2 jackals (D:2)
  4 quokkas
  6 bats
  A frilled lizard (D:1)
  7 kobolds
  4 rats
86 creatures vanquished.

Notes
Turn   | Place    | Note
-------+----------+-------------------------------------------
     0 | D:1      | Peloso the Minotaur Fighter began the quest for the Orb.
     0 | D:1      | Reached XP level 1. HP: 19/19 MP: 0/0
   124 | D:1      | Reached XP level 2. HP: 22/27 MP: 1/1
   442 | D:1      | Reached XP level 3. HP: 27/33 MP: 2/2
  1134 | D:2      | Reached XP level 4. HP: 40/40 MP: 3/3
  1680 | D:3      | Reached XP level 5. HP: 31/46 MP: 4/4
  2323 | D:4      | Reached skill level 5 in Armour
  2355 | D:4      | Reached XP level 6. HP: 51/52 MP: 5/5
  2427 | D:4      | Reached skill level 5 in Shields
  2528 | D:4      | Found an iron altar of Okawaru.
  2543 | D:4      | Noticed Natasha
  2548 | D:4      | Killed Natasha
  2552 | D:4      | Became a worshipper of Warmaster Okawaru
  2591 | D:4      | Reached skill level 5 in Long Blades
  2760 | D:4      | Noticed Natasha
  2782 | D:3      | Slain by a killer bee

Skill      XL: |  1  2  3  4  5  6 |
---------------+-------------------+-----
Armour         | 4 5 |  5.6
Shields        | 4 5 |  5.7
Fighting       | 4 |  4.2
Long Blades    | 3 4 5 |  5.4
Dodging        | |  0.6

Action                   |  1- 3 |  4- 6 || total
-------------------------+-------+-------++-------
Melee: Long sword        |    96 |   176 ||   272
       Headbutt          |    11 |    28 ||    39
  Use: Scroll            |       |     3 ||     3
  Eat: Chunk             |       |     6 ||     6
Armor: Scale mail        |    31 |       ||    31
       Chain mail        |    43 |    40 ||    83
       Plate armour      |       |    70 ||    70
Dodge: Dodged            |    21 |    39 ||    60
Block: Shield            |    69 |    99 ||   168
       Rpst.: Long sword |     8 |    13 ||    21
